 Dungeon Crawl Stone Soup version 0.26.1-11-gd32895ea62 (webtiles) character file.

Game seed: 17411844646823969614

96 tizbic2 the Shooter (level 4, -10/23 HPs)
             Began as a Vine Stalker Hunter on June 26, 2021.
             Mangled by a kobold
             ... wielding a +1 whip of electrocution
              (15 damage)
             ... on level 2 of the Dungeon.
             The game lasted 00:09:46 (1419 turns).

tizbic2 the Shooter (Vine Stalker Hunter)           Turns: 1419, Time: 00:09:47

Health: -10/23     AC:  4    Str: 15    XL:     4   Next: 67%
Magic:  0/5        EV: 12    Int: 11    God:
Gold:   120        SH:  0    Dex: 15    Spells: 3/3 levels left

rFire    + . .     SeeInvis .   m - +1 dagger (speed)
rCold    + . .     Faith    .   (no shield)
rNeg     . . .     Spirit   +   e - +2 robe {rC+ rF+}
rPois    .         Reflect  .   (no helmet)
rElec    .         Harm     .   (no cloak)
rCorr    .         Rampage  .   (no gloves)
Will     .....                  (no boots)
Stlth    ++........             (no amulet)
HPRegen  0.47/turn              (no ring)
MPRegen  0.09/turn              (no ring)

@: no status effects
A: fangs 2, regeneration 1, magic shield, antimagic bite, no potion heal 3
a: no special abilities


You were on level 2 of the Dungeon.
You visited 1 branch of the dungeon, and saw 2 of its levels.

You collected 120 gold pieces.

Inventory:

Hand Weapons
 a - a +1 shortbow
 m - a +1 dagger of speed (weapon)
Missiles
 d - 50 arrows
 f - 21 stones (quivered)
Armour
 e - a +2 robe of resistance (worn)
 i - a +0 chain mail
Scrolls
 k - a scroll of blinking {unknown}
 l - 2 scrolls of identify {unknown}
Potions
 b - a potion of lignification {unknown}
 h - a potion of magic {unknown}
 j - a potion of cancellation {unknown}


   Skills:
 * Level 2.2 Fighting
 - Level 0.8 Axes
 * Level 4.8 Bows
 + Level 0.5 Armour
 + Level 1.8 Dodging
 - Level 1.2 Stealth


You had 3 spell levels left.
You didn't know any spells.
Your spell library was empty.

Dungeon Overview and Level Annotations

Branches:
Dungeon (2/15)

Altars:


Innate Abilities, Weirdness & Mutations

You have extremely sharp teeth.
Your natural rate of healing is unusually fast.
When hurt, damage is shared between your health and your magic reserves.
Your bite disrupts and absorbs the magic of your enemies.
Potions cannot restore your health.


Message History

m - a +1 dagger of speed (weapon)
The kobold hits you but does no damage.
You are electrocuted!!
Ouch! That really hurt!
* * * LOW HITPOINT WARNING * * *
You completely miss the kobold.
Things that are here:
2 stones; an arrow; a rat corpse You barely miss the kobold.
The kobold hits you with a +1 whip of electrocution.
* * * LOW HITPOINT WARNING * * *
The kobold misses you.
You see here a stone.
There is an open door here.
You see here a stone.
You hit the kobold but do no damage.
The kobold hits you with a +1 whip of electrocution.
* * * LOW HITPOINT WARNING * * *
You are electrocuted!!
Ouch! That really hurt!
You die...

#.# #.# #.# ... #.# . ##+#
#.# #>. ..#...# #.# ###
.......## #.# (.......##
##.###
.........####....#########
.......(K@................
...(..r.(####....#########
...<....## ##.#.# #
....(..## ###.# # ###...#
#.# # ..... #.# # ####..
#.# # #. #.# ## #. #.


You could see a quokka and a kobold.

Vanquished Creatures
  A howler monkey (D:2)
  Terence (D:2)
  A dart slug (D:1)
  A leopard gecko (D:2)
  4 bats
  3 giant cockroaches
  4 goblins
  7 hobgoblins
  4 kobolds
  2 rats
28 creatures vanquished.

Notes
Turn   | Place    | Note
-------+----------+-------------------------------------------
     0 | D:1      | tizbic2 the Vine Stalker Hunter began the quest for the
                  | Orb.
     0 | D:1      | Reached XP level 1. HP: 11/11 MP: 2/2
   195 | D:1      | Reached XP level 2. HP: 12/15 MP: 3/3
   221 | D:1      | Reached skill level 4 in Bows
   939 | D:2      | Noticed a howler monkey
   949 | D:2      | Killed a howler monkey
   950 | D:2      | Reached XP level 3. HP: 18/18 MP: 4/4
   950 | D:2      | Gained mutation: Your natural rate of healing is unusually
                  | fast. [Vine Stalker growth]
   950 | D:2      | Reached XP level 4. HP: 23/23 MP: 5/5
  1173 | D:2      | Noticed Terence
  1192 | D:2      | Killed Terence
  1419 | D:2      | Mangled by a kobold

Illustrated notes

Levels and vault maps discovered:
D:1:      ebering_hopf_link, layout_loops_ring
D:2:      layout_loops_corners, uniq_terence, uniq_natasha, uniq_jessica

Skill      XL: |  1  2 |
---------------+-------+-----
Bows           | 4 |  4.8
Fighting       | 2 |  2.2
Axes           | |  0.8
Armour         | |  0.5
Dodging        | |  1.8
Stealth        | |  1.2

Action                   |  1- 3 |  4- 6 || total
-------------------------+-------+-------++-------
Melee: Hand axe          |    28 |       ||    28
       Bite              |     6 |    15 ||    21
       Shortbow          |     1 |       ||     1
       Dagger            |       |    39 ||    39
 Fire: Shortbow          |    23 |    14 ||    37
  Use: Scroll            |     2 |       ||     2
Armor: Ring mail         |    19 |       ||    19
       Chain mail        |     1 |     7 ||     8
       Robe              |       |     2 ||     2
Dodge: Dodged            |    34 |    10 ||    44
